 Dungeon Crawl Stone Soup version 0.20.1-1-g8b1a95d (webtiles) character file.

681 torrenera the Cudgeler (level 7, 0/75 HPs)
             Began as an Ogre Fighter on Sept 29, 2017.
             Shot with an arrow by a centaur (6 damage)
             ... on level 5 of the Dungeon.
             The game lasted 00:13:34 (5992 turns).

torrenera the Cudgeler (Ogre Fighter)               Turns: 5992, Time: 00:13:35

Health: 0/75       AC:  3    Str: 21    XL:     7   Next: 61%
Magic:  7/7        EV:  8    Int:  9    God:
Gold:   231        SH:  8    Dex: 10    Spells: 6/6 levels left

rFire    . . .     SeeInvis .   a - +0 flail
rCold    . . .     Gourm    .   c - +0 shield
rNeg     . . .     Faith    .   b - +0 robe
rPois    .         Spirit   .   (helmet restricted)
rElec    .         Reflect  .   (no cloak)
rCorr    .         Harm     .   (gloves unavailable)
MR       .....                  (boots unavailable)
Stlth    +.........             (no amulet)
Regen    0.3/turn               (no ring)
MPRegen  0.1/turn               (no ring)

@: very slightly contaminated
A: unfitting armour, tough skin 1
a: no special abilities


You were on level 5 of the Dungeon.
You were not hungry.

You visited 1 branch of the dungeon, and saw 5 of its levels.

You collected 231 gold pieces.

Inventory:

Hand Weapons
 a - a +0 flail (weapon)
Missiles
 e - 116 stones (quivered)
 l - 21 poisoned needles
 t - a throwing net
Armour
 b - a +0 robe (worn)
 c - a +0 shield (worn)
Jewellery
 k - a cursed ring of teleportation {unknown}
Scrolls
 j - 7 scrolls of identify {unknown}
 n - a scroll of remove curse
 u - a scroll of enchant armour {unknown}
 v - a scroll of amnesia {unknown}
Comestibles
 f - 2 bread rations
 g - 5 royal jellies


   Skills:
 + Level 6.1 Fighting
 * Level 6.8 Maces & Flails
 - Level 2.6 Dodging
 - Level 2.6 Shields


You had 6 spell levels left.
You didn't know any spells.

Dungeon Overview and Level Annotations

Branches:
Dungeon (5/15)
 Temple: D:4-7

Altars:
Trog

Annotations:
D:5 torrenera's ghost, amateur OgBe


Innate Abilities, Weirdness & Mutations

You are too large for most types of armour.
You have tough skin. (AC +1)


Message History

You aren't carrying any potions.
As you read the scroll labeled ZUBUDE CYWEE, it crumbles to dust.
The creatures around you are filled with an inner flame!
It was a scroll of immolation.
The centaur hits you!
* * * LOW HITPOINT WARNING * * *
As you read the scroll labeled TETESH ZAOW, it crumbles to dust.
You feel blessed for a moment.
It was a scroll of remove curse.
You block the centaur's attack. The centaur hits you.
* * * LOW HITPOINT WARNING * * *
Blink to where?
Press: ? - help, Dir - move target cursor You are very lightly contaminated with residual magic.
As you read the scroll labeled IPSACR DAUDOU, it crumbles to dust.
It was a scroll of blinking.
As you read the scroll labeled QEPSAO ETIEMM, it crumbles to dust.
It is a scroll of recharging.
You aren't carrying any rechargeable items.
The centaur wields an uncursed shortbow.
The centaur shoots an arrow.
The arrow hits you.
You die...

# #.#####
#...##.<.#.##....... #
#.....# ##.###..............
# #####.# #.# #...####.......
# ######.####.# #####
#....... #
#...........############.....
#
#.####.......##..............
## #.#
#######.##.########..>..
.####.# #.# ###### ......#
#@# .###### #.# .# ## #.# .#
#.# .# #.# .# #.# .# #.# .###
#c##...#### #..(.......


You could see a centaur (inner flame).

Vanquished Creatures
  A phantom (D:5)
  2 jellies (D:5)
  A gnoll shaman (D:5)
  An orc priest (D:3)
  2 bullfrog skeletons
  A centaur skeleton (D:5)
  2 worker ants (D:4)
  2 iguanas
  3 orc wizards (D:4)
  5 gnolls (D:5)
  5 adders
  2 adder skeletons
  2 worms (D:2)
  A dart slug (D:2)
  4 leopard geckos
  11 orcs
  5 giant cockroaches
  9 goblins
  13 hobgoblins
  2 quokkas
  3 ball pythons
  13 bats
  7 frilled lizards
  A giant cockroach zombie (D:5)
  7 kobolds
  11 rats
116 creatures vanquished.

Notes
Turn   | Place    | Note
-------+----------+-------------------------------------------
     0 | D:1      | torrenera the Ogre Fighter began the quest for the Orb.
     0 | D:1      | Reached XP level 1. HP: 24/24 MP: 1/1
    85 | D:1      | Reached XP level 2. HP: 17/32 MP: 2/2
   581 | D:1      | Reached XP level 3. HP: 38/40 MP: 3/3
  1388 | D:2      | Reached XP level 4. HP: 35/49 MP: 4/4
  2207 | D:3      | Reached XP level 5. HP: 45/55 MP: 5/5
  2906 | D:3      | Reached skill level 5 in Fighting
  3199 | D:4      | Reached skill level 5 in Maces & Flails
  3199 | D:4      | Reached XP level 6. HP: 53/66 MP: 6/6
  4056 | D:4      | Found a bloodstained altar of Trog.
  4412 | D:5      | Entered Level 5 of the Dungeon
  4424 | D:5      | Noticed torrenera's ghost (amateur OgBe)
  4748 | D:5      | HP: 3/66 [iguana (8)]
  5088 | D:5      | Reached XP level 7. HP: 34/74 MP: 7/7
  5259 | D:5      | HP: 2/74 [gnoll (8)]
  5992 | D:5      | Shot with an arrow by a centaur

Skill      XL: |  1  2  3  4  5  6  7 |
---------------+----------------------+-----
Maces & Flails | 2 3 4 5 6 |  6.8
Fighting       | 5 6 |  6.1
Dodging        | |  2.6
Shields        | |  2.6

Action                   |  1- 3 |  4- 6 |  7- 9 || total
-------------------------+-------+-------+-------++-------
Melee: Flail             |   157 |   220 |    94 ||   471
  Use: Potion            |       |     2 |     7 ||     9
       Scroll            |       |       |     4 ||     4
 Stab: Sleeping          |       |       |     1 ||     1
  Eat: Chunk             |     2 |    10 |       ||    12
       Bread ration      |       |       |     1 ||     1
Armor: Robe              |    74 |    39 |    12 ||   125
       Skin              |       |       |     9 ||     9
Dodge: Dodged            |    75 |    81 |    18 ||   174
Block: Shield            |    78 |    88 |    47 ||   213
